 Dungeon Crawl Stone Soup version 0.23.2 (webtiles) character file.

Game seed: 7353546341603736554

373 Borgoz the Cutter (level 7, -2/41 HPs)
             Began as a Kobold Gladiator on Apr 12, 2019.
             Was an Initiate of Ashenzari.
             Killed from afar by Blork the orc (9 damage)
             ... with a wand of flame (12)
             ... on level 4 of the Dungeon.
             The game lasted 00:07:43 (4212 turns).

Borgoz the Cutter (Kobold Gladiator)                Turns: 4212, Time: 00:07:43

Health: -2/41      AC: 11    Str: 12    XL:     7   Next: 2%
Magic:  7/7        EV:  9    Int:  9    God:    Ashenzari [......]
Gold:   188        SH:  0    Dex: 18    Spells: 6/6 levels left

rFire    . . .     SeeInvis .   a - +0 rapier
rCold    . . .     Gourm    .   (shield restricted)
rNeg     . . .     Faith    .   w - +0 storm dragon scales
rPois    .         Spirit   .   c - +0 helmet
rElec    +         Reflect  .   (no cloak)
rCorr    .         Harm     .   (no gloves)
MR       .....                  (no boots)
Stlth    ..........             (no amulet)
HPRegen  0.13/turn              l - ring of attention (curse)
MPRegen  0.10/turn              (no ring)

@: no status effects
A: small, carnivore
a: Curse Item, Renounce Religion


You were on level 4 of the Dungeon.
You worshipped Ashenzari.
Ashenzari was noncommittal.
You were completely stuffed.

You visited 1 branch of the dungeon, and saw 4 of its levels.

You collected 188 gold pieces.

Inventory:

Hand Weapons
 a - a +0 rapier (weapon)
Missiles
 t - a throwing net (quivered)
Armour
 c - a +0 helmet (worn)
 w - +0 storm dragon scales (worn)
Jewellery
 l - a cursed ring of attention (left hand)
Wands
 s - a wand of flame (23)
 u - a wand of enslavement (2)
Scrolls
 b - 2 scrolls of fear {unknown}
 d - a scroll of identify {unknown}
 g - 3 scrolls of fog
 i - 2 scrolls of blinking {unknown}
 j - 4 scrolls of teleportation {unknown}
 m - 3 scrolls of amnesia {unknown}
 n - 3 scrolls of remove curse
 r - a scroll of magic mapping {unknown}
 v - a scroll of immolation {unknown}
Potions
 e - a potion of might
 h - 2 potions of curing
 k - a potion of lignification {unknown}
 o - a potion of resistance {unknown}
 p - a potion of ambrosia
 q - a potion of magic {unknown}
 x - a potion of berserk rage {unknown}
 z - a potion of heal wounds {unknown}
 A - a potion of cancellation
Comestibles
 f - 6 rations


   Skills:
 + Level 3.3 Fighting
 + Level 7.3 Short Blades
 - Level 2.2 Throwing
 + Level 1.7 Armour
 + Level 4.7 Dodging
 + Level 1.5 Stealth
 + Level 1.1 Evocations


You had 6 spell levels left.
You didn't know any spells.
Your spell library was empty.

Dungeon Overview and Level Annotations

Branches:
Dungeon (4/15)
 Temple: D:4-7

Altars:
Ashenzari
Ru

Annotations:
D:4 Blork the orc


Innate Abilities, Weirdness & Mutations

You are small and have problems with some larger weapons.
You are carnivorous and can eat meat at any time.


Message History

You are confused.
You feel invigorated. Blork the orc casts a spell at you.
The puff of flame hits you.
* * * LOW HITPOINT WARNING * * *
Blork the orc miscasts a cantrip.
Blork the orc hits you but does no damage.
You bump into the rock wall.
You feel less invigorated.
You feel less confused. Blork the orc barely misses you.
The phantom blinks!
You hit Blork the orc but do no damage.
Blork the orc is severely wounded.
Blork the orc zaps a wand.
The puff of flame hits you but does no damage.
You hit Blork the orc.
Blork the orc is severely wounded.
Blork the orc zaps a wand.
The puff of flame hits you!
* * * LOW HITPOINT WARNING * * *
Blork the orc zaps a wand.
The puff of flame hits you!
You die...

.# ##..###.# #. ..# #..#
#.# #. #.# #..# #.# #.
#.# #..# #.# #. #.#
#..###.####. #.#
#........... .
#.######.###.####.
....###.o#..............
#[..W§@...##.#.......##
..######.###..#.........
#.# #..#.......#. #.#
#..[...)...#. #.#
#.>.......... #.#
#..........#. #.#
#.........##.
#.###..(.........
#.##..#.#.......#


You could see a phantom and Blork the orc.

Vanquished Creatures
  An orc priest (D:3)
  Jessica (D:3)
  Ijyb (D:3)
  Natasha (thrice) (D:3)
  An orc wizard (D:3)
  A hound skeleton (D:4)
  A gnoll (D:2)
  2 howler monkey skeletons (D:4)
  8 adders
  An ooze (D:3)
  An adder skeleton (D:4)
  2 worms
  2 dart slugs
  3 leopard geckos
  4 orcs (D:3)
  A ball python (D:2)
  3 giant cockroaches
  3 goblins
  6 hobgoblins
  3 kobolds
  A quokka (D:3)
  9 bats
  8 frilled lizards
  6 rats
72 creatures vanquished.

Notes
Turn   | Place    | Note
-------+----------+-------------------------------------------
     0 | D:1      | Borgoz the Kobold Gladiator began the quest for the Orb.
     0 | D:1      | Reached XP level 1. HP: 12/12 MP: 1/1
   207 | D:1      | Reached XP level 2. HP: 17/17 MP: 2/2
   860 | D:2      | Reached XP level 3. HP: 21/21 MP: 3/3
   902 | D:2      | Reached skill level 5 in Short Blades
  1031 | D:2      | Found a sacrificial altar of Ru.
  1590 | D:2      | Reached XP level 4. HP: 21/27 MP: 4/4
  1974 | D:3      | Reached skill level 6 in Short Blades
  1974 | D:3      | Reached XP level 5. HP: 11/32 MP: 5/5
  2201 | D:3      | Noticed Jessica
  2206 | D:3      | Killed Jessica
  2206 | D:3      | Reached skill level 1 in Armour
  2286 | D:3      | Noticed Ijyb
  2327 | D:3      | Killed Ijyb
  2327 | D:3      | Reached XP level 6. HP: 23/36 MP: 6/6
  2659 | D:3      | Reached skill level 7 in Short Blades
  2706 | D:3      | Found a shattered altar of Ashenzari.
  2713 | D:3      | Noticed Natasha
  2719 | D:3      | Killed Natasha
  2745 | D:3      | Became a worshipper of Ashenzari the Shackled
  3335 | D:3      | Noticed Natasha
  3351 | D:3      | Killed Natasha
  3351 | D:3      | Reached skill level 1 in Stealth
  3595 | D:3      | Noticed Natasha
  3617 | D:3      | Killed Natasha
  4052 | D:4      | Reached skill level 1 in Evocations
  4076 | D:4      | Reached XP level 7. HP: 41/41 MP: 7/7
  4188 | D:4      | Noticed Blork the orc
  4212 | D:4      | Killed from afar by Blork the orc

Skill      XL: |  1  2  3  4  5  6 |
---------------+-------------------+-----
Dodging        | 4 |  4.7
Short Blades   | 5 6 7 |  7.3
Armour         | 1 |  1.7
Fighting       | 3 |  3.3
Stealth        | 1 |  1.5
Evocations     | 1 |  1.1
Throwing       | |  2.2

Action                   |  1- 3 |  4- 6 |  7- 9 || total
-------------------------+-------+-------+-------++-------
Melee: Rapier            |   112 |   221 |    18 ||   351
Throw: Throwing net      |       |     5 |     1 ||     6
  Use: Potion            |       |     2 |     3 ||     5
       Scroll            |       |     1 |       ||     1
 Stab: Held in net/web   |       |     1 |       ||     1
  Eat: Chunk             |     4 |    15 |       ||    19
Armor: Leather armour    |     5 |       |       ||     5
       Ring mail         |    16 |    19 |       ||    35
       Storm dragon scal |       |    45 |    12 ||    57
       Scale mail        |       |    23 |       ||    23
Dodge: Dodged            |    79 |   133 |     7 ||   219
